Map: Acid Plant LE

Players

Beren - Winner!

  • Race: Protoss Protoss
  • League: Master
  • Spawn Location: 5:00

ReGrosso

  • Race: Protoss Protoss
  • League: Diamond
  • Spawn Location: 11:00

VOD

Have the link to the VOD?

Description

Time

  • Played on: July 30, 2018, 5:49 p.m.
  • Length: 16:13
Show
View Real Time Build Order
Export as new Build Order

Beren Protoss - Winner!

Build Orders:  

Get SALT Encoding   

  12  0:01  Probe  
  13  0:13  Probe  
  14  0:25  Probe, Pylon  
  15  0:43  Probe  
  15  0:49  Gateway  
  16  0:54  Probe  
  16  0:55  Assimilator  
  17  1:00  Assimilator  
  17  1:02  Probe  
  17  1:10  Probe  
  18  1:15  Gateway  
  19  1:21  Probe  
  20  1:33  Probe  
  20  1:38  Cybernetics Core  
  21  1:45  Probe, Pylon  
  22  1:58  Probe  
  22  2:00  Warp Gate  
  23  2:15  Stalker x2  
  27  2:18  Pylon  
  27  2:37  Shield Battery  
  27  2:45  Stalker x2  
  31  2:56  Pylon  
  31  3:01  Twilight Council  
  31  3:11  Shield Battery  
  31  3:21  Shield Battery  
  31  3:26  Forge  
  31  3:36  Probe  
  32  3:43  Nexus  
  32  4:01  Shield Battery  
  32  4:02  Shield Battery  
  32  4:08  Stalker  
  32  4:09  Sentry  
  36  4:19  Pylon  
  36  4:25  Robotics Facility  
  36  4:27  Gateway  
  36  4:32  Sentry x2  
  39  5:02  Gateway  
  39  5:04  Photon Cannon  
  39  5:05  Stalker  
  39  5:06  Pylon  
  41  5:09  Stalker  
  41  5:34  Stalker x2  
  41  6:08  Pylon  
  41  6:10  Pylon  
  35  6:13  Pylon  
  35  6:15  Pylon  
  35  6:27  Observer  
  35  6:29  Nexus  
  34  6:33  Sentry x3  
  34  6:39  Immortal  
  40  6:56  Stalker  
  40  6:57  Stalker x2  
  46  7:17  Warp Prism  
  46  7:25  Stalker  
  46  7:29  Sentry  
  48  7:33  Stalker  
  50  7:46  Shield Battery  
  48  8:01  Immortal  
  52  8:07  Sentry  
  52  8:11  Pylon  
  54  8:21  Pylon  
  54  8:39  Stalker x2  
  38  8:50  Stalker  
  39  9:02  Stalker  
  41  9:14  Stalker  
  37  9:31  Immortal  
  33  9:41  Sentry  
  35  9:47  Sentry  
  35  9:49  Zealot  
  39  10:04  Immortal  
  43  10:22  Observer  
  43  10:25  Sentry  
  45  10:29  Zealot  
  47  10:44  Immortal  
  39  11:12  Stalker  
  29  11:27  Sentry x2  
  31  11:40  Stalker  
  31  11:43  Zealot  
  35  11:54  Stalker  
  37  12:05  Sentry  
  39  12:15  Stalker  
  41  12:26  Stalker  
  41  12:42  Stalker  
  33  13:10  Stalker x2  
  35  13:23  Stalker  
  37  13:30  Sentry  
  39  13:45  Sentry  
  39  13:46  Stalker  
  43  14:00  Stalker  
  43  14:25  Stalker  
  37  14:45  Stalker  
  20  15:53  Sentry x4  
Show
View Real Time Build Order
Export as new Build Order

ReGrosso Protoss 

Build Orders:  

Get SALT Encoding   

  12  0:00  Probe  
  13  0:13  Probe  
  14  0:20  Pylon  
  14  0:25  Probe  
  15  0:38  Probe  
  15  0:41  Gateway  
  16  0:44  Assimilator  
  16  0:50  Probe  
  17  1:02  Probe  
  18  1:09  Assimilator  
  18  1:14  Probe, Gateway  
  19  1:26  Probe  
  19  1:28  Cybernetics Core  
  20  1:38  Probe  
  21  1:47  Pylon, Warp Gate  
  21  1:50  Probe  
  22  1:56  Adept x2  
  22  2:03  Probe  
  27  2:15  Probe, Pylon  
  28  2:23  Stalker  
  30  2:33  Stalker  
  32  2:43  Gateway  
  32  2:53  Stalker  
  34  3:14  Gateway  
  34  3:19  Pylon  
  34  3:25  Shield Battery  
  34  3:38  Pylon  
  34  3:49  Stalker x2  
  34  3:50  Stalker  
  38  4:12  Sentry  
  38  4:13  Sentry, Stalker  
  38  4:14  Stalker  
  46  4:30  Pylon  
  46  4:47  Stalker x2  
  46  4:48  Stalker  
  52  4:58  Stalker  
  52  5:11  Stalker x2  
  48  5:49  Stalker  
  48  5:50  Stalker  
  48  5:52  Zealot x2  
  36  6:12  Stalker  
  36  6:13  Stalker x3  
  40  6:34  Stalker  
  40  6:36  Sentry x2  
  38  6:58  Stalker x2  
  38  6:59  Stalker x2  
  46  7:22  Stalker x2  
  50  7:28  Stalker  
  52  7:31  Zealot  
  52  8:03  Stalker x2  
  52  8:04  Stalker  
  54  8:09  Pylon  
  48  8:38  Zealot x3  
  46  8:48  Stalker  
  46  8:59  Sentry x3  
  50  9:13  Stalker  
  48  9:25  Zealot x2  
  50  9:39  Stalker  
  52  9:46  Sentry  
  54  9:56  Stalker  
  56  10:13  Stalker  
  58  10:15  Sentry  
  60  10:27  Stalker  
  58  11:11  Zealot x4  
  38  11:52  Nexus  
  33  12:01  Sentry  
  33  12:02  Sentry  
  35  12:13  Stalker  
  37  12:17  Sentry  
  37  12:22  Sentry  
  41  12:40  Zealot  
  41  12:42  Zealot  
  35  12:55  Stalker  
  33  13:03  Sentry  
  31  13:16  Stalker  
  29  13:26  Stalker  
  29  13:33  Sentry  
  31  13:40  Sentry  
  33  13:48  Stalker  
  35  13:57  Robotics Facility  
  35  14:04  Stalker  
  37  14:11  Stalker  
  33  14:24  Stalker  
  35  14:33  Stalker  
  18  15:02  Sentry  
Tags
 
Matchup
PvP
Spawn Locations
Cross Positions
Add a new tag
Caveats
  • Supply blocks, unpowered buildings, or Contaminate may cause inaccurate times.
  • Supply counts are checked every 10 seconds.